 Dungeon Crawl Stone Soup version 0.26-a0-854-gdc81c2f471 (console) character file.

Game seed: 4153925623853578844

3089 Ignak the Sneak (level 9, -16/66 HPs)
             Began as a Gnoll Enchanter on Nov 23, 2020.
             Demolished by a red ugly thing (20 damage)
             ... on level 6 of the Dungeon.
             The game lasted 00:30:18 (10052 turns).

Ignak the Sneak (Gnoll Enchanter)                  Turns: 10052, Time: 00:30:19

Health: -16/66     AC:  7    Str: 12    XL:     9   Next: 89%
Magic:  4/19       EV: 17    Int: 17    God:
Gold:   435        SH:  0    Dex: 20    Spells: 2/21 levels left

rFire    . . .     SeeInvis .   r - +4 spear (vamp)
rCold    . . .     Faith    .   (no shield)
rNeg     . . .     Spirit   .   p - +1 steam dragon scales
rPois    .         Reflect  .   (helmet currently unavailable)
rElec    .         Harm     .   (no cloak)
rCorr    .         Rampage  .   (no gloves)
MR       .....                  (boots currently unavailable)
Stlth    ++++......             (no amulet)
HPRegen  0.21/turn              (no ring)
MPRegen  0.16/turn              (no ring)

@: appendages (expiring)
A: distributed training, fangs 1, horns 2, talons 2, strong 1, subdued magic 1,
strong nose
a: End Transformation


You were on level 6 of the Dungeon.
You had grown temporary horns.
You had grown temporary talons.
You visited 1 branch of the dungeon, and saw 7 of its levels.

You collected 435 gold pieces.

Inventory:

Hand Weapons
 a - a +2 short sword
 b - a +4 mace of freezing
 r - a +4 vampiric spear (weapon)
Missiles
 u - 8 poisoned darts (quivered)
Armour
 j - a +0 pair of boots (melded)
 p - +1 steam dragon scales (worn)
 w - a +1 ring mail of fire resistance
Wands
 g - a wand of flame (10)
Scrolls
 c - a scroll of teleportation
 e - a scroll of remove curse
 i - 5 scrolls of identify
 l - a scroll of enchant armour
 m - 2 scrolls of fog
 q - a scroll of blinking
 t - 3 scrolls of magic mapping
Potions
 d - 2 potions of magic
 f - 2 potions of brilliance
 h - a potion of experience {unknown}
 n - 5 potions of curing
 o - a potion of flight


   Skills:
 + Level 4.6 Fighting
 + Level 5.4 Short Blades
 + Level 4.6 Long Blades
 + Level 4.6 Axes
 + Level 4.6 Maces & Flails
 + Level 4.6 Polearms
 + Level 4.6 Staves
 + Level 4.6 Slings
 + Level 4.6 Bows
 + Level 4.6 Crossbows
 + Level 4.6 Throwing
 + Level 4.6 Armour
 + Level 6.6 Dodging
 + Level 7.7 Stealth
 + Level 4.6 Shields
 + Level 4.6 Unarmed Combat
 + Level 6.9 Spellcasting
 + Level 3.8 Conjurations
 + Level 6.7 Hexes
 + Level 3.8 Summonings
 + Level 3.8 Necromancy
 + Level 3.8 Translocations
 + Level 3.8 Transmutations
 + Level 3.8 Fire Magic
 + Level 3.8 Ice Magic
 + Level 3.8 Air Magic
 + Level 3.8 Earth Magic
 + Level 3.8 Poison Magic
 + Level 5.1 Invocations
 + Level 4.6 Evocations


You had 2 spell levels left.
You knew the following spells:

 Your Spells              Type           Power        Failure   Level
a - Ensorcelled Hibernat  Hex/Ice        ###...       1%          2
b - Confusing Touch       Hex            ###.....     1%          3
c - Vampiric Draining     Necr           ##........   5%          3
d - Tukima's Dance        Hex            ###.....     1%          3
e - Beastly Appendage     Tmut           ##....       1%          1
f - Corona                Hex            ###....      1%          1
q - Spider Form           Tmut/Pois      ##........   5%          3
z - Dazzling Flash        Conj/Hex       ###...       3%          3

Your spell library contained the following spells:

 Spells                   Type           Power        Failure   Level
 Animate Skeleton         Necr           ##....       1%          1
 Pain                     Necr           ##..         1%          1
 Wereblood                Tmut           ##......     2%          2
 Animate Dead             Necr           ##........   21%         4
 Ice Form                 Ice/Tmut       ##......     21%         4
 Agony                    Necr           ##......     50%         5
 Blade Hands              Tmut           ##........   50%         5


Dungeon Overview and Level Annotations

Branches:
Dungeon (7/15)             Temple (0/1) D:5

Altars:
Ashenzari
Cheibriados
Kikubaaqudgha
Nemelex Xobeh
Ru
Uskayaw
Xom

Shops:
D:4 [


Innate Abilities, Weirdness & Mutations

Your experience applies equally to all skills.
You have very sharp teeth.
Your uncanny sense of smell can sniff out nearby items.
You have a pair of horns on your head.
You have razor-sharp toenails.
Your muscles are strong. (Str +2)
Your spells are a little easier to cast, but a little less powerful.


Message History

Casting: Beastly Appendage (safe; 1% risk of failure)
Confirm with . or Enter, or press ? or * to list all spells.
Aiming: Vampiric Draining (dangerous; 5% risk of failure)
Press: ? - help, Shift-Dir - straight line, f/p - red ugly thing
Aim: a red ugly thing (severely wounded)
The red ugly thing is severely wounded.
You feel life coursing into your body.
The red ugly thing trunk-slaps you but does no damage.
Casting: Vampiric Draining (dangerous; 5% risk of failure)
Confirm with . or Enter, or press ? or * to list all spells.
Aiming: Vampiric Draining (dangerous; 5% risk of failure)
Press: ? - help, Shift-Dir - straight line, f/p - red ugly thing
Aim: a red ugly thing (severely wounded)
The red ugly thing is almost dead.
You feel life coursing into your body.
Your transformation is almost over.
The red ugly thing trunk-slaps you!
* * * LOW HITPOINT WARNING * * *
You are engulfed in flames!!
You die...

...#########[#.......####.......#
............[........###.........
.....................##..........
.....................#...........
...##########....................
...### #....................
.....# ##.#'####............
.....# #.#.# ##........... #....#
#..@# ##.......... #....# ##.u#
##......... ######
###..########.......# #....#....#
##.....## #############.#..#.##.#
##...### #.............##.#.##.#
#....... #.............##>).##.#
#....... #.............#†.####.#
#....... #.............#.#####.#
#.......


You could see a red ugly thing.

Vanquished Creatures
  Maggie (D:7)
  Prince Ribbit (D:5)
  Grinder (D:5)
  Sigmund (D:3)
  Duvessa (D:5)
  An ice beast (D:6)
  A sky beast (D:6)
  2 black bears
  2 phantoms
  2 ogres
  A bullfrog (D:7)
  A big kobold (D:7)
  A gnoll sergeant (D:7)
  Dowan (D:5)
  A water moccasin zombie (D:6)
  A killer bee (D:6)
  4 wights
  A bullfrog zombie (D:6)
  An orc priest (D:4)
  A jelly (D:5)
  4 hounds
  A bullfrog skeleton (D:7)
  Ijyb (D:3)
  Terence (D:2)
  Natasha (thrice) (D:2)
  An iguana (D:5)
  A worker ant (D:4)
  2 orc wizards
  A hound skeleton (D:7)
  12 adders
  9 gnolls
  9 river rats (D:6)
  2 white imps
  An ooze (D:4)
  3 worms
  A dart slug (D:2)
  4 leopard geckos
  17 orcs
  3 giant cockroaches
  11 goblins
  14 hobgoblins
  23 jackals
  8 kobolds
  7 quokkas
  8 bats
  6 frilled lizards
  A quokka skeleton (D:4)
  27 rats
207 creatures vanquished.

Vanquished Creatures (collateral kills)
  A wight (D:7)
1 creature vanquished.

Vanquished Creatures (others)
  3 dancing weapons (D:7)
  A bullfrog skeleton (D:5)
4 creatures vanquished.

Grand Total: 212 creatures vanquished

Notes
Turn   | Place    | Note
-------+----------+-------------------------------------------
     0 | D:1      | Ignak the Gnoll Enchanter began the quest for the Orb.
     0 | D:1      | Reached XP level 1. HP: 13/13 MP: 6/6
   244 | D:1      | Reached XP level 2. HP: 8/19 MP: 7/7
   247 | D:1      | Learned a level 2 spell: Ensorcelled Hibernation
   509 | D:1      | Found a snail-covered altar of Cheibriados.
   880 | D:1      | You fall into a shaft and drop 1 floor!
   881 | D:2      | Noticed Natasha
   882 | D:2      | Killed Natasha
   883 | D:2      | Reached skill level 6 in Stealth
   883 | D:2      | Reached skill level 5 in Spellcasting
   883 | D:2      | Reached skill level 1 in Invocations
   883 | D:2      | Reached XP level 3. HP: 25/25 MP: 7/9
   894 | D:2      | Reached skill level 1 in Fighting
   894 | D:2      | Reached skill level 1 in Long Blades
   894 | D:2      | Reached skill level 1 in Axes
   894 | D:2      | Reached skill level 1 in Maces & Flails
   894 | D:2      | Reached skill level 1 in Polearms
   894 | D:2      | Reached skill level 1 in Staves
   894 | D:2      | Reached skill level 1 in Slings
   894 | D:2      | Reached skill level 1 in Bows
   894 | D:2      | Reached skill level 1 in Crossbows
   894 | D:2      | Reached skill level 1 in Throwing
   894 | D:2      | Reached skill level 1 in Armour
   894 | D:2      | Reached skill level 1 in Shields
   894 | D:2      | Reached skill level 1 in Unarmed Combat
   894 | D:2      | Reached skill level 1 in Evocations
  1033 | D:1      | Reached XP level 4. HP: 32/32 MP: 4/11
  1189 | D:2      | Found a shimmering altar of Xom.
  1382 | D:2      | Noticed Terence
  1384 | D:2      | Noticed Natasha
  1407 | D:2      | Killed Natasha
  1408 | D:2      | Reached skill level 1 in Conjurations
  1408 | D:2      | Reached skill level 1 in Summonings
  1408 | D:2      | Reached skill level 1 in Necromancy
  1408 | D:2      | Reached skill level 1 in Translocations
  1408 | D:2      | Reached skill level 1 in Transmutations
  1408 | D:2      | Reached skill level 1 in Fire Magic
  1408 | D:2      | Reached skill level 1 in Ice Magic
  1408 | D:2      | Reached skill level 1 in Air Magic
  1408 | D:2      | Reached skill level 1 in Earth Magic
  1408 | D:2      | Reached skill level 1 in Poison Magic
  1428 | D:2      | Found a sacrificial altar of Ru.
  1839 | D:1      | Reached XP level 5. HP: 24/37 MP: 9/12
  2032 | D:2      | Noticed Natasha
  2114 | D:2      | Learned a level 3 spell: Confusing Touch
  2118 | D:2      | Learned a level 3 spell: Dazzling Flash
  2122 | D:2      | Learned a level 3 spell: Tukima's Dance
  2136 | D:2      | Killed Terence
  2166 | D:2      | Killed Natasha
  2263 | D:2      | HP: 1/37 [gnoll/+0 spear (11)]
  2644 | D:2      | Reached XP level 6. HP: 23/44 MP: 0/13
  3622 | D:3      | Noticed Ijyb
  3641 | D:3      | Killed Ijyb
  3642 | D:3      | Reached skill level 5 in Dodging
  3915 | D:3      | Noticed Sigmund
  3922 | D:3      | Killed Sigmund
  3923 | D:3      | Reached XP level 7. HP: 51/51 MP: 9/15
  4106 | D:4      | Found Bumminiuga's Armour Shoppe.
  5013 | D:4      | Found a sparkling altar of Nemelex Xobeh.
  5111 | D:4      | Found an ancient bone altar of Kikubaaqudgha.
  5111 | D:4      | Found a broken altar of Ashenzari.
  5256 | D:5      | Entered Level 5 of the Dungeon
  5286 | D:5      | Noticed Dowan
  5308 | D:5      | Reached XP level 8. HP: 46/57 MP: 12/16
  5335 | D:5      | Noticed Duvessa
  5344 | D:5      | Killed Duvessa
  5347 | D:5      | Killed Dowan
  5520 | D:4      | Gained mutation: Your spells are a little easier to cast,
                  | but a little less powerful. [potion of mutation]
  5520 | D:4      | Gained mutation: Your muscles are strong. (Str +2) [potion
                  | of mutation]
  5784 | D:5      | Noticed Grinder
  5786 | D:5      | Found a staircase to the Ecumenical Temple.
  5927 | D:5      | HP: 2/58 [ogre/+0 giant club (19)]
  6783 | D:5      | Killed Grinder
  6784 | D:5      | Reached skill level 7 in Stealth
  6896 | D:5      | Found a hide-covered altar of Uskayaw.
  6932 | D:5      | Noticed Prince Ribbit
  6946 | D:5      | Killed Prince Ribbit
  6965 | D:5      | Learned a level 1 spell: Beastly Appendage
  6970 | D:5      | Learned a level 3 spell: Spider Form
  7619 | D:6      | Reached XP level 9. HP: 65/65 MP: 18/18
  8100 | D:6      | Learned a level 3 spell: Vampiric Draining
  8917 | D:7      | Reached skill level 5 in Short Blades
  9536 | D:7      | Noticed Maggie
  9560 | D:7      | Killed Maggie
  9561 | D:7      | Reached skill level 5 in Invocations
  9939 | D:7      | Noticed a red ugly thing
 10052 | D:6      | Demolished by a red ugly thing

Illustrated notes

Levels and vault maps discovered:
D:1:      saegor_arrival_under_anarchy, layout_basic, cheibriados_altar_1
D:2:      layout_basic, lemuel_crystal_altar, dk_vineyard_3, xom_teletrap_fun,
          uniq_terence, uniq_natasha
D:3:      layout_basic, kennysheep_generic_room_7, uniq_ijyb, uniq_sigmund
D:4:      layout_loops_ring, gammafunk_temple_overflow_statue, serial_shops,
          shop, minmay_misc_feat_diagonals, nemelex_dance_club_becter
D:5:      layout_loops_ring, minmay_temple_entry_wispy, basic_altar,
          minmay_misc_feat_four_crosses, uniq_prince_ribbit1, uniq_duvessa,
          uniq_grinder
D:6:      lemuel_ratsnest, layout_basic, chequers_serial_rivers_small_b
D:7:      layout_basic, kennysheep_mini, sigmund_army, uniq_maggie

Skill      XL: |  1  2  3  4  5  6  7  8  9 |
---------------+----------------------------+-----
Stealth        | 6 7 |  7.7
Spellcasting   | 5 6 |  6.9
Invocations    | 1 2 3 4 5 |  5.1
Fighting       | 1 2 3 4 |  4.6
Long Blades    | 1 2 3 4 |  4.6
Axes           | 1 2 3 4 |  4.6
Maces & Flails | 1 2 3 4 |  4.6
Polearms       | 1 2 3 4 |  4.6
Staves         | 1 2 3 4 |  4.6
Slings         | 1 2 3 4 |  4.6
Bows           | 1 2 3 4 |  4.6
Crossbows      | 1 2 3 4 |  4.6
Throwing       | 1 2 3 4 |  4.6
Armour         | 1 2 3 4 |  4.6
Shields        | 1 2 3 4 |  4.6
Unarmed Combat | 1 2 3 4 |  4.6
Evocations     | 1 2 3 4 |  4.6
Conjurations   | 1 2 3 |  3.8
Summonings     | 1 2 3 |  3.8
Necromancy     | 1 2 3 |  3.8
Translocations | 1 2 3 |  3.8
Transmutations | 1 2 3 |  3.8
Fire Magic     | 1 2 3 |  3.8
Ice Magic      | 1 2 3 |  3.8
Air Magic      | 1 2 3 |  3.8
Earth Magic    | 1 2 3 |  3.8
Poison Magic   | 1 2 3 |  3.8
Short Blades   | 3 4 5 |  5.4
Dodging        | 5 6 |  6.6
Hexes          | 6 |  6.7

Action                   |  1- 3 |  4- 6 |  7- 9 || total
-------------------------+-------+-------+-------++-------
Melee: Dagger            |    52 |   158 |   418 ||   628
       Bite              |     3 |    15 |    58 ||    76
       Punch             |       |     2 |    10 ||    12
       Unarmed           |       |    11 |       ||    11
       Headbutt          |       |       |    35 ||    35
       Kick              |       |       |    32 ||    32
       Spear             |       |       |    23 ||    23
       Mace              |       |       |    14 ||    14
       Short sword       |       |       |     8 ||     8
Throw: Dart              |       |       |    25 ||    25
 Cast: Ensorcelled Hiber |     8 |    56 |    57 ||   121
       Dazzling Flash    |       |     3 |    12 ||    15
       Confusing Touch   |       |     1 |    14 ||    15
       Tukima's Dance    |       |     1 |    10 ||    11
       Beastly Appendage |       |       |    12 ||    12
       Spider Form       |       |       |     1 ||     1
       Vampiric Draining |       |       |    16 ||    16
  Use: Potion            |       |       |    13 ||    13
       Scroll            |       |       |    13 ||    13
 Stab: Sleeping          |    17 |    39 |    37 ||    93
       Invisible         |       |     2 |     2 ||     4
       Confused          |       |     1 |    13 ||    14
Armor: Robe              |     5 |    24 |       ||    29
       Ring mail         |       |     2 |    94 ||    96
       Skin              |       |     1 |       ||     1
       Steam dragon scal |       |       |    10 ||    10
Dodge: Dodged            |    27 |   147 |   353 ||   527

Table legend: (Time is in decaauts)
 A = Elapsed time spent in this place.
 B = Non-inter-level travel time spent in this place.
 C = Inter-level travel time spent in this place.
 D = Time resting spent in this place.
 E = Time spent auto-exploring this place.
 F = Levels seen in this place.
 G = Mean time per level.
                   A        B        C        D        E       F      G
               +--------+--------+--------+--------+--------+-----+--------+
         Total |   9937 |   9762 |    175 |   2688 |   3958 |   7 | 1419.6 |
       Dungeon |   9937 |   9762 |    175 |   2688 |   3958 |   7 | 1419.6 |
               +--------+--------+--------+--------+--------+-----+--------+

Top non-repeatable levels by time:
     D:5: 1849 daAuts
     D:1: 1840 daAuts
     D:6: 1544 daAuts
     D:4: 1485 daAuts
     D:2: 1327 daAuts
     D:7: 1021 daAuts
     D:3: 868 daAuts
